 Dungeon Crawl Stone Soup version 0.28.0-1-gb440e238dd (webtiles) character file.

Game seed: 11969918960876604320

193 zeram the Covered (level 5, -1/33 HPs)
             Began as a Gargoyle Fighter on Feb 26, 2022.
             Slain by an orc (4 damage)
             ... on level 3 of the Dungeon.
             The game lasted 00:02:53 (3625 turns).

zeram the Covered (Gargoyle Fighter)                Turns: 3625, Time: 00:02:53

Health: -1/33      AC: 12    Str: 19    XL:     5   Next: 72%
Magic:  5/5        EV:  9    Int:  9    God:
Gold:   118        SH:  4    Dex: 11    Spells: 4/4 levels left

rFire   . . .      SeeInvis .   a - +0 flail
rCold   . . .      Faith    .   c - +0 buckler
rNeg    + . .      Spirit   .   b - +0 scale mail
rPois   ∞          Reflect  .   (no helmet)
rElec   +          Harm     .   (no cloak)
rCorr   .          Rampage  .   (no gloves)
Will    .....                   g - +0 pair of boots
Stlth   ..........              (no amulet)
HPRegen 0.11/turn               (no ring)
MPRegen 0.09/turn               (no ring)

@: mighty
A: sickness immunity, AC +4, negative energy resistance 1, electricity
resistance, torment resistance 1, petrification resistance
a: no special abilities


You were on level 3 of the Dungeon.
You visited 1 branch of the dungeon, and saw 3 of its levels.

You collected 118 gold pieces.

Inventory:

Hand Weapons
 a - a +0 flail (weapon)
Armour
 b - a +0 scale mail (worn)
 c - a +0 buckler (worn)
 g - a +0 pair of boots (worn)
Jewellery
 m - a ring of fire
Scrolls
 i - a scroll of teleportation
 l - 2 scrolls of fog
Potions
 e - 4 potions of curing {unknown}
 f - a potion of brilliance {unknown}
 h - a potion of flight {unknown}
 k - a potion of heal wounds {unknown}


   Skills:
 + Level 4.2 Fighting
 - Level 2.3 Maces & Flails
 + Level 4.9 Armour
 + Level 1.5 Dodging
 + Level 4.2 Shields


You had 4 spell levels left.
You didn't know any spells.
Your spell library was empty.

Dungeon Overview and Level Annotations

Branches:
Dungeon (3/15)

Altars:

Shops:
D:1 (


Innate Abilities, Weirdness & Mutations

You are immune to sickness and miasma.
Your stone body is resilient. (AC +4)
You are immune to poison.
You resist negative energy. (rN+)
You are resistant to electric shocks. (rElec)
You are resistant to unholy torment.
You are immune to petrification.


Message History

You closely miss the orc priest.
The orc priest is lightly wounded.
The hobgoblin shouts!
The orc barely misses you.
The orc priest invokes the aid of Beogh against you.
You barely resist. The orc hits you with a +0 broad axe.
* * * LOW HITPOINT WARNING * * *
The orc hits you but does no damage.
You barely miss the orc priest.
The orc priest is lightly wounded.
The orc priest invokes the aid of Beogh against you.
Pain shoots through your body!
* * * LOW HITPOINT WARNING * * *
The orc closely misses you. You block the orc's attack.
The orc priest begins to cast a cantrip, but forgets the words!
You closely miss the orc priest.
The orc priest is lightly wounded.
The orc closely misses you. The orc hits you with a +0 mace.
* * * LOW HITPOINT WARNING * * *
The orc priest barely misses you. The orc barely misses you.
Unknown command.
You closely miss the orc priest.
The orc priest is lightly wounded.
The orc hits you but does no damage.
The orc priest hits you but does no damage.
The orc barely misses you. x2
An orc wizard comes into view. It is wielding a +0 club.
Unknown command.
The orc wizard shouts!
You sock the orc priest!
The orc priest is almost dead.
The orc priest closely misses you. The orc hits you with a +0 broad axe.
* * * LOW HITPOINT WARNING * * *
The orc hits you but does no damage.
The orc priest hits you but does no damage.
The hobgoblin hits you but does no damage.
You hit the orc priest.
You kill the orc priest!
The orc hits you with a +0 broad axe.
You die...

#.............####....####
#.#.######## .# ####....#
#.#.# .# ###..# #.#.## .#
#... #....# .. #...
###..######## #.######..
#.....##...## #.).......
#.###.#.)...#..##....####
#. #...@g........##.....
#. ##..oo....#..###<....
#. #................##. ..
##........#.#....###
........## #.#### #
#........# ... #
#.......o##..# ###
.......#.##.. #.. #..
#....


You could see an orc wizard, 2 orcs and a hobgoblin.

Vanquished Creatures
  4 orc priests (D:3)
  3 adders (D:2)
  A worm (D:2)
  2 dart slugs
  3 orcs (D:3)
  6 ball pythons
  5 endoplasms
  4 giant cockroaches
  8 goblins
  8 hobgoblins
  6 jackals
  3 kobolds
  4 quokkas
  3 bats
  A frilled lizard (D:2)
  3 rats (D:1)
64 creatures vanquished.

Notes
Turn   | Place    | Note
-------+----------+-------------------------------------------
     0 | D:1      | zeram the Gargoyle Fighter began the quest for the Orb.
     0 | D:1      | Reached XP level 1. HP: 14/14 MP: 1/1
   338 | D:1      | Reached XP level 2. HP: 15/19 MP: 2/2
  1005 | D:1      | Found Geypsaob's Antique Weapon Emporium.
  1014 | D:1      | Reached XP level 3. HP: 22/23 MP: 3/3
  2170 | D:2      | Reached XP level 4. HP: 17/29 MP: 4/4
  3030 | D:2      | Reached skill level 1 in Dodging
  3450 | D:3      | Reached XP level 5. HP: 26/33 MP: 5/5
  3625 | D:3      | Slain by an orc

Illustrated notes

Levels and vault maps discovered:
D:1:      wheals_arrival_linesprint, layout_basic, serial_shops,
          nicolae_shop_advertising_works [nicolae_subvault_shop_adworks],
          nrook_loot_triangle
D:2:      wad_river_or_something, layout_basic, corexii_shack
D:3:      layout_rooms, serial_shops, nicolae_shop_waterfront, minmay_pentangle,
          uniq_terence

Skill      XL: |  1  2  3  4 |
---------------+-------------+-----
Armour         | 4 |  4.9
Dodging        | 1 |  1.5
Fighting       | 4 |  4.2
Shields        | 4 |  4.2
Maces & Flails | |  2.3

Action                   |  1- 3 |  4- 6 || total
-------------------------+-------+-------++-------
Melee: Flail             |   132 |    98 ||   230
  Use: Scroll            |       |     3 ||     3
       Potion            |       |     2 ||     2
Armor: Scale mail        |    80 |    93 ||   173
Dodge: Dodged            |    64 |    70 ||   134
Block: Buckler           |    37 |    31 ||    68
